 Dungeon Crawl Stone Soup version 0.28-a0-724-g66f9036eb4 (webtiles) character file.

Game seed: 5203140885184341910

4 cheechan the Skirmisher (level 1, 0/21 HPs)
             Began as a Naga Abyssal Knight on Oct 26, 2021.
             Was an Initiate of Lugonu.
             Slain by a quokka (2 damage)
             ... on level 1 of the Dungeon.
             The game lasted 00:01:16 (168 turns).

cheechan the Skirmisher (Naga Abyssal Knight)        Turns: 168, Time: 00:01:17

Health: 0/21       AC:  2    Str: 14 (15) XL:     1   Next: 70%
Magic:  2/2        EV:  9    Int:  9 (10) God:    Lugonu [......]
Gold:   0          SH:  0    Dex:  8 (11) Spells: 0/0 levels left

rFire   . . .      SeeInvis +   a - +1 hand axe
rCold   . . .      Faith    .   (no shield)
rNeg    . . .      Spirit   .   b - +0 leather armour
rPois   +          Reflect  .   (no helmet)
rElec   .          Harm     .   (no cloak)
rCorr   .          Rampage  .   (no gloves)
Will    .....                   (no barding)
Stlth   +.........              (no amulet)
HPRegen 0.07/turn               (no ring)
MPRegen 0.08/turn               (no ring)

@: very slow
A: AC +0, large, see invisible, deformed body, poison resistance, slowness 2,
spit poison 1, naga tail 1
a: Spit Poison, Renounce Religion


You were on level 1 of the Dungeon.
You worshipped Lugonu.
Lugonu was noncommittal.
You visited 1 branch of the dungeon, and saw 1 of its levels.
You visited the Abyss 1 time.

Inventory:

Hand Weapons
 a - a +1 hand axe (weapon)
Missiles
 f - 16 arrows
 h - 10 poisoned darts
Armour
 b - a +0 leather armour (worn)
Magical Staves
 d - a staff of poison
 g - a staff of fire
Scrolls
 e - 2 scrolls of silence {unknown}


   Skills:
 + Level 3.2 Fighting
 + Level 2.0 Axes
 + Level 1.7 Armour
 + Level 0.7 Dodging
 + Level 2.0 Invocations


You couldn't memorise any spells.
You didn't know any spells.
Your spell library contained the following spells:

 Spells                   Type           Power      Damage    Failure   Level
 Animate Skeleton         Necr           0%         N/A       45%         1
 Apportation              Tloc           0%         N/A       45%         1
 Summon Small Mammal      Summ           0%         N/A       45%         1


Dungeon Overview and Level Annotations

Branches:
Dungeon (1/15)

Altars:


Innate Abilities, Weirdness & Mutations

Your serpentine skin is tough. (AC +0)
You have supernaturally acute eyesight. (SInv)
Armour fits poorly on your strangely shaped body.
Your system is resistant to poisons. (rPois)
You cover ground very slowly.
You can spit poison.
You have a snake-like lower body.


Message History

Found 10 gold pieces.
The kobold shouts!
The ball python barely misses you.
A quokka comes into view.
The ball python bites you but does no damage.
You barely miss the ball python. The ball python bites you.
The ball python barely misses you.
You closely miss the ball python. The ball python bites you.
You closely miss the ball python. The ball python bites you.
The ball python closely misses you.
You closely miss the ball python. The ball python bites you.
You slash the ball python!
You kill the ball python!
Lugonu accepts your kill.
A kobold comes into view. It is wielding a +0 dagger.
Abil: Spit Poison
Press: ? - help, Q - select action, (/) - cycle Shift-Dir - straight line, f - quokka
Aim: a quokka The splash of poison misses the quokka.
The splash of poison misses the kobold.
The kobold shouts!
The quokka bites you.
You miss the quokka. The quokka bites you. The quokka barely misses you.
You closely miss the quokka. The quokka bites you.
* * * LOW HITPOINT WARNING * * *
You miss the quokka.
You have got your breath back.
The quokka completely misses you. The quokka misses you.
You hit the quokka.
You kill the quokka!
Lugonu accepts your kill.
You miss the quokka. The quokka bites you.
* * * LOW HITPOINT WARNING * * *
The quokka bites you.
* * * LOW HITPOINT WARNING * * *
Unknown command.
It was a potion of degeneration.
There was something very wrong with that liquid.
You feel weakened.
You feel dopey.
You feel clumsy. The quokka bites you.
You die...

..... ....# .. # .... #.#
#.# .$. #.# .... .. #.#
#....#. #.# .
......K######### ##.###.
......Kr@......####...#..
......########...........
#.... ######...#.. .
...## ##.## .## #.. #.# #
#.. ..# #># . #..##..###
###.###. . #<.# ..#
#.....#. .##..##..
#.###.#.


You could see a quokka and 2 kobolds.

Vanquished Creatures
  An endoplasm (D:1)
  A quokka (D:1)
  A ball python (D:1)
  2 rats (D:1)
5 creatures vanquished.

Notes
Turn   | Place    | Note
-------+----------+-------------------------------------------
     0 | Abyss:1  | cheechan the Naga Abyssal Knight began the quest for the
                  | Orb.
     0 | Abyss:1  | Reached XP level 1. HP: 21/21 MP: 2/2
    62 | Abyss:1  | Noticed a spriggan defender zombie
    64 | D:1      | Escaped the Abyss
   168 | D:1      | Slain by a quokka

Illustrated notes

Levels and vault maps discovered:
D:1:      lightli_iron_boxes, layout_loops_ring, minivault_27,
          minmay_crystal_water, minmay_statues_item, minmay_hexomino_p4

Action                   || total
-------------------------++-------
Melee: Hand axe          ||    15
Invok: Depart the Abyss  ||     1
 Abil: Spit Poison       ||     2
  Use: Potion            ||     1
Armor: Leather armour    ||     2
Dodge: Dodged            ||     9

Table legend: (Time is in decaauts)
 A = Elapsed time spent in this place.
 B = Non-inter-level travel time spent in this place.
 C = Inter-level travel time spent in this place.
 D = Time resting spent in this place.
 E = Time spent auto-exploring this place.
 F = Levels seen in this place.
 G = Mean time per level.
                   A        B        C        D        E       F      G
               +--------+--------+--------+--------+--------+-----+--------+
         Total |    228 |    228 |      0 |      0 |      0 |   2 |  114.0 |
       Dungeon |    139 |    139 |      0 |      0 |      0 |   1 |  139.0 |
         Abyss |     88 |     88 |      0 |      0 |      0 |   1 |   88.0 |
               +--------+--------+--------+--------+--------+-----+--------+

Top non-repeatable levels by time:
     D:1: 139 daAuts
 Abyss:1: 88 daAuts
